 Dungeon Crawl Stone Soup version 0.29.1-1-gd02db6906a (webtiles) character file.

Game seed: 10942434202635219005

120101 keekatzer the Severer (level 17, -5/139 HPs)
             Began as a Formicid Fighter on Sept 23, 2022.
             Was a High Priest of the Shining One (penitent).
             Slain by an imperial myrmidon
             ... wielding a +0 demon blade of venom
              (15 damage)
             ... in the Desolation of Salt.
             The game lasted 02:13:57 (19632 turns).

keekatzer the Severer (Formicid Fighter)           Turns: 19632, Time: 02:13:58

Health: -5/139     AC: 20    Str: 23    XL:     17   Next: 36%
Magic:  0/24       EV:  8    Int:  8    God:    the Shining One [*****.]
Gold:   1009       SH: 14    Dex: 19    Spells: 16/16 levels left

rFire   + . .      SeeInvis +   S - +9 war axe "Omimed" {flame, +Blink rPois rN+}
rCold   . . .      Faith    .   l - +0 kite shield
rNeg    + + +      Spirit   +   I - +4 chain mail {rN+}
rPois   +          Reflect  .   (helmet unavailable)
rElec   .          Harm     .   (no cloak)
rCorr   .          Rampage  .   (no gloves)
Will    .....                   Y - +2 pair of boots {Stlth+}
Stlth   ..........              s - amulet of guardian spirit
HPRegen 0.33/turn               H - ring of protection from fire
MPRegen 0.19/turn               z - +4 ring of slaying

@: weak-willed
A: permanent stasis, dig shafts and tunnels, antennae 3, four strong arms
a: Dig, Renounce Religion


You were in the Desolation of Salt.
You worshipped the Shining One.
The Shining One was demanding penance.
You visited 5 branches of the dungeon, and saw 20 of its levels.
You also visited: Volcano and Desolation.

You collected 2567 gold pieces.
You spent 1558 gold pieces at shops.

Inventory:

Hand Weapons
 S - the +9 war axe "Omimed" (weapon) {flame, +Blink rPois rN+}
   (You found it on level 9 of the Dungeon)

   It burns those it strikes, dealing additional fire damage.
   Big, fiery blades are also staple armaments of hydra-hunters.
   rPois:     It protects you from poison.
   rN:        It protects you from negative energy.
   +Blink:    It lets you blink.
 U - the +7 lajatang of Order {silver, rMut}
   (You found it in the Desolation of Salt)

   It inflicts extra damage upon those it strikes, and deals substantially
   increased damage to chaotic, mutated and magically transformed beings.
   rMut:      It protects you from mutation.
 V - a +2 vorpal shortbow
Missiles
 a - a throwing net
Armour
 l - a +0 kite shield (worn)
 C - a +8 plate armour of ponderousness
 I - a +4 chain mail of positive energy (worn)
 O - a +0 pair of gloves of infusion
 W - the +1 leather armour "Astruiw" {Dex+4}
   (You took it off a servant of whispers in the Desolation of Salt)

   Dex:       It affects your dexterity (+4).
 Y - a +2 pair of boots of stealth (worn)
Jewellery
 n - a ring of ice
 s - an amulet of guardian spirit (around neck)
 t - a +6 ring of intelligence
 x - a ring of flight
 z - a +4 ring of slaying (right hand)
 F - a ring of positive energy
 H - a ring of protection from fire (left hand)
 K - a ring of fire
Wands
 g - a wand of mindburst (10)
 J - a wand of light (9)
 L - a wand of flame (39)
 P - a wand of polymorph (14)
 Q - a wand of paralysis (13)
 R - a wand of digging (9)
Scrolls
 c - 2 scrolls of enchant weapon
 e - 4 scrolls of enchant armour
 f - 2 scrolls of immolation
 h - 4 scrolls of vulnerability
 i - a scroll of poison
 k - 4 scrolls of amnesia
 p - 2 scrolls of fog
 r - a scroll of brand weapon
 u - a scroll of silence
 w - a scroll of identify
 y - a scroll of magic mapping
 B - a scroll of summoning
Potions
 b - 4 potions of lignification
 d - 5 potions of might
 j - 5 potions of brilliance
 q - 10 potions of curing
 v - 4 potions of invisibility
 A - a potion of cancellation
 E - 2 potions of magic
 G - 2 potions of mutation
 M - 3 potions of flight
 N - 3 potions of haste
 T - 2 potions of attraction
Miscellaneous
 m - a condenser vane
 o - a tin of tremorstones (1/2)
 D - a phial of floods (inert)


   Skills:
 + Level 14.2 Fighting
 - Level 15.7(16.0) Axes
 - Level 4.5(11.3) Polearms
 - Level 2.0(3.5) Staves
 + Level 13.7 Armour
 + Level 1.3 Dodging
 + Level 15.4 Shields
 + Level 10.1 Invocations
 - Level 10.0 Evocations


You had 16 spell levels left.
You didn't know any spells.
Your spell library contained the following spells:

 Spells                   Type           Power      Damage    Failure   Level
 Magic Dart               Conj           0%         1d3       97%         1
 Sting                    Tmut/Pois      0%         1d3       97%         1
 Poisonous Vapours        Pois/Air       0%         N/A       99%         2
 Searing Ray              Conj           0%         2d4       99%         2
 Static Discharge         Conj/Air       0%         3-3/arc   99%         2
 Ignite Poison            Fire/Tmut/Pois 0%         N/A       100%        3
 Mephitic Cloud           Conj/Pois/Air  0%         N/A       100%        3
 Fulminant Prism          Conj/Hex       0%         3d6       100%        4
 Olgreb's Toxic Radiance  Pois           0%         N/A       100%        4
 Passage of Golubria      Tloc           0%         N/A       100%        4
 Petrify                  Tmut/Erth      0%         N/A       100%        4
 Alistair's Intoxication  Tmut/Pois      0%         N/A       100%        5
 Borgnjor's Vile Clutch   Necr/Erth      0%         N/A       100%        5
 Freezing Cloud           Conj/Ice/Air   0%         6-21      100%        5
 Lightning Bolt           Conj/Air       0%         1d11      100%        5
 Manifold Assault         Tloc           0%         N/A       100%        5
 Metabolic Englaciation   Hex/Ice        0%         N/A       100%        5
 Summon Forest            Summ/Tloc      0%         N/A       100%        5
 Eringya's Noxious Bog    Tmut/Pois      0%         N/A       100%        6
 Statue Form              Tmut/Erth      0%         N/A       100%        6
 Disjunction              Tloc           0%         N/A       100%        8
 Maxwell's Capacitive Co  Air            0%         ∞         100%        8


Dungeon Overview and Level Annotations

Branches:
Dungeon (11/15)            Temple (1/1) D:6            Lair (5/5) D:10
  Swamp (0/4) Lair:2        Snake (0/4) Lair:2        Slime (0/5) Lair:5
    Orc (2/2) D:9             Elf (1/3) Orc:2       Volcano (visited)
Desolation (1/1)

Altars:
Ashenzari
Cheibriados
Dithmenos
Elyvilon
Fedhas
Gozag
Hepliaklqana
Kikubaaqudgha
Makhleb
Nemelex Xobeh
Okawaru
Qazlal
Ru
Sif Muna
Trog
Uskayaw
Vehumet
Wu Jian
Xom
Yredelemnul
Zin
The Shining One

Shops:
D:8 *   D:11 [   Orc:1 *   Orc:2 *(*=:*   Elf:1 :

Portals:
Trove: Elf:1 (show slimy rune of Zot)

Annotations:
Lair:5 1 runed translucent door
Orc:2 3 runed translucent doors, exclusion: obsidian statue, LustLizard's ghost, journeyman TrFi
Elf:1 Agnes


Innate Abilities, Weirdness & Mutations

You cannot be hasted, slowed, berserked, paralysed or teleported.
You can dig through walls and to a lower floor.
You have a pair of large antennae on your head. (SInv)
Your four strong arms can wield two-handed weapons with a shield.


Message History

You swap places.
The imperial myrmidon's magic is no longer disrupted.
The imperial myrmidon hits your saltling with a +0 demon blade of venom!
Your +1 long sword of pain hits the servant of whispers!
Your saltling misses the imperial myrmidon.
Your saltling closely misses the servant of whispers.
The servant of whispers hits your saltling with the +4 lajatang "Hell-Harrower" {venom, Will++}!
Your saltling is destroyed!
Your saltling dissolves into shadows!
The imperial myrmidon hits your saltling but does no damage.
Your +1 long sword of pain hits the servant of whispers.
Your saltling hits the imperial myrmidon!
Your ironbound convoker closely misses the imperial myrmidon.
Something misses your +2 hand axe of freezing.
Your +1 long sword of pain hits the servant of whispers but does no damage.
Your +1 antimagic mace hits the imperial myrmidon!!
The imperial myrmidon's magic leaks into the air.
Something hits your saltling!
The servant of whispers invokes the aid of its god against you.
The bolt of lightning misses you.
The bolt of lightning hits your +2 hand axe of freezing.
Your +2 hand axe of freezing completely resists.
The imperial myrmidon hits you with a +0 demon blade of venom!
* * * LOW HITPOINT WARNING * * *
Your willpower is stripped away!
Your saltling barely misses the imperial myrmidon.
Your ironbound convoker misses the imperial myrmidon.
You completely miss the imperial myrmidon.
The imperial myrmidon is severely wounded.
You hit the servant of whispers but do no damage.
Your +1 long sword of pain barely misses the servant of whispers.
Your +1 antimagic mace barely misses the imperial myrmidon.
Something hits your saltling.
The servant of whispers utters an invocation to its god.
The air becomes perfectly still.
The ragged hierophant mumbles some strange words.
The ragged hierophant begins to accept its allies' injuries.
The ironbound convoker hits your saltling but does no damage.
The imperial myrmidon hits you with a +0 demon blade of venom!
You die...

#a............ ....
#...........§##....
#...........§§.....
#...##.....§§§.....
#9........§.§{.....
#9apa.....§§§p.#...
#.99...).......#...
#.9p(.....§§.......
#(@a......§........
#.(a....∩.§........
#........)§§.......
#.......∩.§§....#..
#.........§........
#..................
#.........)........
#..................
#..............#...


You could see a ragged hierophant, 2 servants of whispers, an imperial myrmidon
(sheltered, ally target, magic disrupted), an ironbound convoker (sheltered), 2
saltlings, a friendly ironbound convoker (summoned), 3 friendly saltlings and 3
friendly dancing weapons.

Vanquished Creatures
  An imperial myrmidon (Desolation)
  An orc warlord (Orc:1)
  A dire elephant (Lair:5)
  The ghost of holycorn the Severer, a journeyman MiBe of Trog (Lair:4)
  A deep elf annihilator (Elf:1)
  2 halazid warlocks (Desolation)
  An ettin (Orc:1)
  A ragged hierophant (Desolation)
  A fire dragon (Lair:5)
  The ghost of XxsatanxX the Severer, a journeyman MiBe of Trog (D:10)
  4 servants of whispers (Desolation)
  A deep elf high priest (Elf:1)
  5 hydras
  2 catoblepae (Lair:5)
  A centaur warrior (Volcano)
  6 peacekeepers (Desolation)
  13 death yaks
  4 two-headed ogres
  7 orc high priests (Orc:2)
  Sonja (D:10)
  A hell knight (Volcano)
  A deep elf knight (Elf:1)
  A bog body (Lair:2)
  A swamp dragon (Lair:5)
  2 ironbound convokers (Desolation)
  4 deep elf archers (Elf:1)
  6 deep elf pyromancers (Elf:1)
  2 cyclopes
  6 deep elf zephyrmancers (Elf:1)
  2 manticores (Lair:5)
  24 elephants
  8 black mambas
  A molten gargoyle (Desolation)
  An unseen horror (D:11)
  10 cane toads
  A yaktaur (Volcano)
  2 rime drakes (Lair:5)
  6 komodo dragons
  5 trolls
  A polar bear (Lair:4)
  Grinder (D:3)
  A hornet (Lair:4)
  9 blink frogs
  37 saltlings (Desolation)
  19 dream sheep
  A shadow (D:10)
  2 wyverns
  A spriggan (Lair:4)
  A water elemental (Elf:1)
  Sigmund (D:3)
  A vampire (D:10)
  55 yaks
  A wraith (D:10)
  5 basilisks
  3 steam dragons
  8 wargs
  2 acid dragons (Lair:5)
  2 swamp worms (Lair:2)
  2 nagas (Lair:2)
  15 water moccasins
  A swamp drake (Lair:5)
  14 orc warriors
  2 ice beasts
  A sky beast (D:6)
  A boggart (Lair:4)
  10 wolves
  9 ogres
  9 centaurs
  A kobold brigand (D:9)
  15 bullfrogs
  6 scorpions
  2 necrophages (D:4)
  3 wights (D:7)
  11 killer bees
  6 howler monkeys
  2 electric eels
  2 gnoll boudas
  41 orc priests
  3 jellies
  5 hounds
  6 iguanas
  Natasha (thrice) (D:4)
  19 orc wizards
  18 gnolls
  9 adders
  2 shadow imps
  A white imp (D:6)
  An ufetubus (D:6)
  4 worms
  2 dart slugs
  68 orcs
  6 ball pythons
  9 endoplasms
  5 giant cockroaches
  3 goblins
  8 hobgoblins
  8 jackals
  8 kobolds
  5 quokkas
  6 bats
  5 frilled lizards
  6 rats
  A spectral hobgoblin (D:1)
654 creatures vanquished.

Vanquished Creatures (collateral kills)
  A ragged hierophant (Desolation)
  A guardian serpent (Desolation)
  A saltling (Desolation)
3 creatures vanquished.

Vanquished Creatures (others)
  31 fungi
  2 pillars of salt (Desolation)
  55 plants
  4 toadstools (D:1)
92 creatures vanquished.

Grand Total: 749 creatures vanquished

Notes
Turn   | Place    | Note
-------+----------+-------------------------------------------
     0 | D:1      | keekatzer the Formicid Fighter began the quest for the Orb.
     0 | D:1      | Reached XP level 1. HP: 18/18 MP: 1/1
    60 | D:1      | Reached XP level 2. HP: 19/24 MP: 2/2
   242 | D:1      | Found a faded altar of an unknown god.
   400 | D:1      | Reached XP level 3. HP: 29/30 MP: 3/3
   897 | D:2      | Reached XP level 4. HP: 37/37 MP: 4/4
  1144 | D:2      | Found an ancient bone altar of Kikubaaqudgha.
  1413 | D:3      | Noticed Grinder
  1446 | D:3      | Killed Grinder
  1447 | D:3      | Reached skill level 5 in Fighting
  1447 | D:3      | Reached skill level 5 in Armour
  1447 | D:3      | Reached skill level 5 in Shields
  1447 | D:3      | Reached XP level 5. HP: 26/44 MP: 5/5
  1447 | D:3      | Reached XP level 6. HP: 30/51 MP: 6/6
  2397 | D:4      | Reached XP level 7. HP: 36/56 MP: 5/7
  2746 | D:4      | Noticed Natasha
  2750 | D:4      | Killed Natasha
  2885 | D:4      | Noticed Natasha
  2890 | D:4      | Killed Natasha
  2905 | D:4      | Noticed Natasha
  2913 | D:4      | Killed Natasha
  2991 | D:4      | Found a bloodstained altar of Trog.
  3052 | D:4      | Found a stormy altar of Qazlal.
  3300 | D:3      | Noticed Sigmund
  3326 | D:3      | Killed Sigmund
  3327 | D:3      | Reached XP level 8. HP: 57/64 MP: 8/8
  3428 | D:5      | Entered Level 5 of the Dungeon
  3433 | D:5      | Reached skill level 1 in Axes
  3998 | D:5      | Found a hide-covered altar of Uskayaw.
  3999 | D:5      | Noticed a +0 dagger
  3999 | D:5      | Noticed a +0 falchion
  3999 | D:5      | Noticed a +0 spear
  4000 | D:5      | Noticed a +0 short sword
  4000 | D:5      | Noticed a +0 dagger
  4001 | D:5      | Noticed a +0 falchion
  4001 | D:5      | Noticed a +0 short sword
  4002 | D:5      | Noticed a +0 spear
  4314 | D:5      | Reached XP level 9. HP: 69/71 MP: 9/9
  4843 | D:6      | Found a broken altar of Ashenzari.
  4967 | D:6      | Found a staircase to the Ecumenical Temple.
  4976 | Temple   | Entered the Ecumenical Temple
  5083 | Temple   | Became a worshipper of the Shining One
  5281 | D:6      | Reached skill level 5 in Axes
  5726 | D:7      | Identified the +2 pair of boots "Rys Wiwn" {*Corrode Int+7
                  | SInv}
  5808 | D:7      | Reached XP level 10. HP: 79/79 MP: 10/10
  5829 | D:7      | Found a snail-covered altar of Cheibriados.
  5852 | D:7      | Reached * piety under the Shining One
  5889 | D:7      | Reached skill level 10 in Shields
  5892 | D:7      | Found a blossoming altar of Fedhas.
  5924 | D:7      | Found a hazy altar of Hepliaklqana.
  6268 | D:8      | Found Luryly's CLEARANCE SALE!.
  6275 | D:8      | Bought a scroll of enchant armour for 30 gold pieces
  6275 | D:8      | Bought a +2 glaive of venom for 79 gold pieces
  6403 | D:8      | Reached skill level 1 in Polearms
  6508 | D:8      | Noticed a two-headed ogre
  6515 | D:8      | Killed a two-headed ogre
  6567 | D:8      | Found a sparkling altar of Nemelex Xobeh.
  6649 | D:8      | Found a burning altar of Makhleb.
  6651 | D:8      | Noticed a balrug
  6655 | D:8      | Noticed a smoke demon
  6883 | D:9      | Identified the +9 war axe "Omimed" {flame, +Blink rPois
                  | rN+}
  6917 | D:9      | Found a glowing silver altar of Zin.
  6917 | D:9      | Found a radiant altar of Vehumet.
  6918 | D:9      | Found an ancient bone altar of Kikubaaqudgha.
  6985 | D:9      | Noticed a two-headed ogre
  6998 | D:9      | Killed a two-headed ogre
  6999 | D:9      | Reached XP level 11. HP: 87/87 MP: 11/11
  7148 | D:9      | Found a basalt altar of Yredelemnul.
  7188 | D:9      | Found a staircase to the Orcish Mines.
  7194 | D:9      | Noticed a two-headed ogre
  7203 | D:9      | Killed a two-headed ogre
  7242 | D:9      | Found a white marble altar of Elyvilon.
  7411 | D:10     | Entered Level 10 of the Dungeon
  7411 | D:10     | Noticed Sonja
  7416 | D:10     | Killed Sonja
  7431 | D:10     | Found a transporter.
  7435 | D:10     | Noticed XxsatanxX's ghost (journeyman MiBe)
  7436 | D:10     | Noticed a cyclops
  7467 | D:10     | Found a shimmering blue altar of Sif Muna.
  7492 | D:10     | Found a staircase to the Lair.
  7656 | D:10     | Reached ** piety under the Shining One
  7914 | D:10     | Found a transporter.
  8052 | Lair:1   | Entered Level 1 of the Lair of Beasts
  8294 | Lair:1   | Noticed an elephant
  8294 | Lair:1   | Noticed an elephant
  8295 | Lair:1   | Noticed an elephant
  8295 | Lair:1   | Noticed an elephant
  8322 | Lair:1   | Killed an elephant
  8323 | Lair:1   | Reached skill level 10 in Axes
  8323 | Lair:1   | Reached skill level 1 in Invocations
  8328 | Lair:1   | Killed an elephant
  8332 | Lair:1   | Killed an elephant
  8499 | Lair:1   | Killed an elephant
  8500 | Lair:1   | Reached XP level 12. HP: 94/96 MP: 13/13
  9090 | Lair:2   | Reached skill level 10 in Armour
  9232 | Lair:2   | Reached skill level 10 in Fighting
  9269 | Lair:2   | Found a staircase to the Snake Pit.
  9364 | Lair:2   | Noticed a death yak
  9365 | Lair:2   | Noticed a death yak
  9365 | Lair:2   | Noticed a death yak
  9379 | Lair:2   | Noticed a death yak
  9381 | Lair:2   | Noticed a death yak
  9387 | Lair:2   | Killed a death yak
  9388 | Lair:2   | Killed a death yak
  9391 | Lair:2   | Killed a death yak
  9392 | Lair:2   | Reached skill level 5 in Invocations
  9396 | Lair:2   | Killed a death yak
  9407 | Lair:2   | Killed a death yak
  9626 | Lair:2   | Found a staircase to the Swamp.
  9630 | Lair:2   | Reached XP level 13. HP: 60/103 MP: 10/17
  9896 | Lair:2   | Reached skill level 1 in Evocations
 10430 | Lair:3   | Reached *** piety under the Shining One
 10519 | Lair:3   | Found a dark tunnel.
 10569 | Volcano  | Entered a volcano
 10751 | Volcano  | Noticed a centaur warrior
 10754 | Volcano  | Found a radiant altar of Vehumet.
 10762 | Volcano  | Killed a centaur warrior
 12345 | Lair:4   | Reached XP level 14. HP: 105/113 MP: 17/19
 12437 | Lair:4   | Found a runed translucent door.
 12438 | Lair:4   | Noticed holycorn's ghost (journeyman MiBe)
 12442 | Lair:4   | Identified the +0 spear of Equivalence {freeze, rPois MP+9
                  | Stlth+}
 12716 | Lair:4   | Reached skill level 5 in Evocations
 13246 | Lair:4   | Killed holycorn's ghost
 13332 | Lair:4   | Reached XP level 15. HP: 71/119 MP: 20/22
 13497 | Lair:5   | Entered Level 5 of the Lair of Beasts
 13619 | Lair:5   | Reached skill level 10 in Invocations
 13865 | Lair:5   | Reached **** piety under the Shining One
 14376 | Lair:5   | Reached skill level 15 in Axes
 14376 | Lair:5   | Reached XP level 16. HP: 70/127 MP: 16/23
 14896 | Lair:5   | Found a runed translucent door.
 14900 | Lair:5   | Found a staircase to the Slime Pits.
 14900 | Lair:5   | Noticed an acid blob
 14900 | Lair:5   | Noticed an acid blob
 15531 | D:11     | Found Nabas's Antique Armour Emporium.
 15539 | D:11     | Bought a shiny plate armour for 806 gold pieces
 16072 | D:10     | Killed XxsatanxX's ghost
 16209 | Orc:1    | Entered Level 1 of the Orcish Mines
 16537 | Orc:2    | Entered Level 2 of the Orcish Mines
 16653 | Orc:2    | Reached ***** piety under the Shining One
 16694 | Orc:2    | Found Quomato's Jewellery Boutique.
 16711 | Orc:2    | Found Kojadun's Book Emporium.
 16880 | Orc:2    | Found a runed translucent gate.
 16881 | Orc:2    | Found a runed translucent gate.
 16882 | Orc:2    | Found a runed translucent gate.
 16882 | Orc:2    | Found an opulent altar of Gozag.
 16885 | Orc:2    | Found Tese's Assorted Antiques.
 16885 | Orc:2    | Noticed LustLizard's ghost (journeyman TrFi)
 16904 | Orc:2    | Found Cogub's General Store.
 17018 | Orc:2    | Found Anoupsio's Antique Weapon Emporium.
 17030 | Orc:2    | Bought a glowing great mace for 285 gold pieces
 17042 | Orc:2    | Found a staircase to the Elven Halls.
 17107 | Orc:2    | Found Kyaqaq's General Store.
 17116 | Orc:2    | Bought a scroll of identify for 24 gold pieces
 17116 | Orc:2    | Bought a scroll of identify for 24 gold pieces
 17370 | Orc:1    | Found Luaxeon's Assorted Antiques.
 17411 | Orc:1    | Bought a notched moonstone ring for 155 gold pieces
 17411 | Orc:1    | Bought a scroll labelled PAIM LICIP for 31 gold pieces
 17411 | Orc:1    | Bought a scroll of identify for 62 gold pieces
 17411 | Orc:1    | Bought a scroll of identify for 62 gold pieces
 17826 | Elf:1    | Entered Level 1 of the Elven Halls
 17829 | Elf:1    | Found a portal to a secret trove of treasure.
 17879 | Elf:1    | Reached ****** piety under the Shining One
 17885 | Elf:1    | HP: 5/129 [deep elf knight/shard of ice (27)]
 18193 | Elf:1    | Found Atih's Book Emporium.
 18321 | Elf:1    | Reached skill level 10 in Evocations
 18391 | Elf:1    | Noticed Agnes
 18494 | Elf:1    | Found a crumbling gateway.
 18501 | Desolati | Entered the Desolation of Salt
 18680 | Desolati | Found the +7 lajatang of Order {silver, rMut}
 18688 | Desolati | Got Qaups's Compilation of the Pirate
 18728 | Desolati | Reached XP level 17. HP: 121/137 MP: 24/24
 18852 | Desolati | Identified the +1 leather armour "Astruiw" {Dex+4}
 18854 | Desolati | Was placed under penance by the Shining One
 18906 | Desolati | Reached skill level 1 in Dodging
 19003 | Desolati | Reached skill level 15 in Shields
 19618 | Desolati | Identified the +4 lajatang "Hell-Harrower" {venom, Will++}
 19618 | Desolati | Identified the +1 shadow dragon scales "Gewneoru" {Fly
                  | Dex+2 Stlth++++}
 19632 | Desolati | Slain by an imperial myrmidon

Illustrated notes

Levels and vault maps discovered:
D:1:      ldierk_water_garden, layout_loops_ring,
          dreamdust_ecumenical_altar_drowned_temple,
          nicolae_kite_square_tiling_tiny, grunt_decor_mini_mirrors
D:2:      layout_basic, basic_altar
D:3:      cheibrodos_pilgrimage, layout_basic, minmay_misc_feat_five,
          uniq_sigmund, uniq_grinder
D:4:      layout_loops_ring, mainiacjoe_overflow_concentric_impassable,
          grunt_qazlal_sundering, hangedman_minor_gate_pass, uniq_natasha
D:5:      layout_gridville, nicolae_uskayaw_en_pointe
D:6:      layout_loops_cross, ashenzari_altar_1,
          minmay_temple_entry_antechambers
D:7:      layout_cave_pools, lemuel_doored_altar,
          nicolae_hepliaklqana_hippocampus, mainiacjoe_overflow_surrounded_room
D:8:      layout_rooms, makhleb_altar_promises_db,
          nicolae_overflow_crystal_walls, nicolae_shop_clearance
D:9:      cheibrodos_helix_gallery, layout_cave_pools, kennysheep_ying_yang,
          gammafunk_temple_overflow_claw, orc_0_dummy, abandoned_shop
D:10:     layout_roguey, amcnicky_altar_gilded, lair_entry_dummy,
          gammafunk_ghost_arena, uniq_sonja
D:11:     layout_roguey, serial_shops, nicolae_square_shop
Temple:   hellmonk_temple_beads
Lair:1:   layout_small_grid
Lair:2:   layout_layer_cave, nicolae_swamp_entry_splash_gauntlet,
          minmay_snake_entry_guardpost_small
Lair:3:   layout_roguey, nicolae_volcano_entry_hallway
Lair:4:   layout_regular_city, ebering_ghost_funeral_grove
Lair:5:   guppyfry_lair_end_dragon, layout_layer_cave, hangedman_lair_in_review,
          slime_entry_2
Orc:1:    layout_caves, serial_shops, shop
Orc:2:    st_orc_town, layout_diamond_mine, ebering_ghost_gozag, serial_shops,
          nicolae_lakefront_shop
Elf:1:    layout_geoelf_octagon, portal_desolation_entry_ruin,
          nicolae_trove_entry_crossroad, serial_shops,
          nicolae_shop_advertising_works [nicolae_subvault_shop_adworks],
          kennysheep_underground_church, minmay_shop_star, uniq_agnes
Desolation

Skill      XL: |  1  2  3  4  5  6  7  8  9 10 11 12 13 14 15 16 17 |
---------------+----------------------------------------------------+-----
Fighting       | 4 5 6 7 8 9 10 11 12 13 14 | 14.2
Armour         | 4 5 6 7 8 9 10 11 12 13 | 13.7
Shields        | 5 6 7 8 9 10 11 12 13 14 15 | 15.4
Axes           | 3 6 7 10 12 13 14 15 | 15.7
Polearms       | 4 |  4.5
Invocations    | 2 5 7 9 10 | 10.1
Evocations     | 4 7 8 10 | 10.0
Dodging        | 1 |  1.3
Staves         | |  2.0

Action                   |  1- 3 |  4- 6 |  7- 9 | 10-12 | 13-15 | 16-18 || total
-------------------------+-------+-------+-------+-------+-------+-------++-------
Melee: Quarterstaff      |    89 |   127 |    86 |       |       |       ||   302
       Hand axe          |       |       |   214 |       |       |       ||   214
       War axe           |       |       |    15 |   239 |   437 |   511 ||  1202
       Glaive            |       |       |       |    45 |       |       ||    45
Invok: Cleansing Flame   |       |       |       |       |     1 |       ||     1
       Divine Shield     |       |       |       |       |     2 |       ||     2
       Summon Divine War |       |       |       |       |       |     1 ||     1
 Abil: Dig               |       |       |       |       |     2 |     1 ||     3
Evoke: Tin of tremorston |       |       |       |       |       |     3 ||     3
       Phial of floods   |       |       |       |       |       |     1 ||     1
  Use: Potion            |       |     2 |       |       |     4 |     3 ||     9
       Scroll            |       |       |     8 |     5 |     3 |    14 ||    30
Armor: Scale mail        |    10 |       |       |       |       |       ||    10
       Chain mail        |    18 |    54 |    94 |       |   143 |    64 ||   373
       Plate armour      |       |       |    72 |   115 |    26 |   132 ||   345
Dodge: Dodged            |    34 |    35 |    73 |    50 |    78 |    87 ||   357
Block: Buckler           |    11 |       |       |       |       |       ||    11
       Kite shield       |    25 |    79 |   159 |   149 |   254 |   251 ||   917
